[ AOE2 MATCH · #513479804 ]
UnrankedChinese vs Celts
Player's team · LOSS
Rival team · WIN
[ REPLAY ANALYSIS · EXTRACTED FROM THE RECORDED GAME ]
Feudal
8:49
Castle
—
Imperial
—
| APM avg | 101.8 |
| APM peak | 187 |
| eAPM avg | 54.2 |
| Villagers / military | 70 / 67 |
Focus
⚔️ 65.2% · 🌾 34.8%
Skirmisher ×42 · Archer ×23 · Spearman ×2
Feudal
10:59
Castle
27:08
Imperial
—
| APM avg | 56.8 |
| APM peak | 79 |
| eAPM avg | 26.3 |
| Villagers / military | 49 / 54 |
Focus
⚔️ 34.7% · 🌾 65.3%
Archer ×30 · Militia ×12 · Skirmisher ×12
Match map
Initial resources + every placement click. Lines = walls · curves = elevation contours. ◆ gold · ⬟ stone · ● berries · ✦ relic · ◌ wall gap
Your base· Open — unwalled flank
Vikingo's base· Open — unwalled flank
Smoothed initial terrain · ◌ = detected wall gap · hover for details
Inputs per minute
— MoP - - Vikingo
Build order — MoP
First 150 of 222 actions detected
| 0:00 | Research | Loom |
| 0:01 | Research | Loom |
| 0:41 | Queue | Villager (Male) |
| 0:41 | Queue | Villager (Male) |
| 1:07 | Queue | Villager (Male) |
| 1:08 | Queue | Villager (Male) |
| 1:30 | Queue | Villager (Male) |
| 1:30 | Queue | Villager (Male) |
| 1:59 | Queue | Villager (Male) |
| 1:59 | Queue | Villager (Male) |
| 2:25 | Queue | Villager (Male) |
| 2:25 | Queue | Villager (Male) |
| 2:37 | Build | Lumber Camp |
| 2:44 | Queue | Villager (Male) |
| 2:45 | Queue | Villager (Male) |
| 3:14 | Queue | Villager (Male) |
| 3:17 | Queue | Villager (Male) |
| 3:17 | Queue | Villager (Male) |
| 3:17 | Queue | Villager (Male) |
| 3:19 | Build | House |
| 3:24 | Build | House |
| 3:51 | Queue | Villager (Male) |
| 4:20 | Queue | Villager (Male) |
| 4:44 | Queue | Villager (Male) |
| 4:57 | Build | Mill |
| 5:01 | Build | Mill |
| 5:07 | Queue | Villager (Male) |
| 5:44 | Build | Palisade Wall |
| 5:47 | Build | Palisade Wall |
| 5:53 | Build | Palisade Wall |
| 6:01 | Build | Palisade Wall |
| 6:02 | Build | Palisade Wall |
| 6:02 | Build | Palisade Wall |
| 6:04 | Queue | Villager (Male) |
| 6:13 | Build | Palisade Wall |
| 6:14 | Build | Palisade Wall |
| 6:14 | Build | Palisade Wall |
| 6:17 | Build | Palisade Wall |
| 6:18 | Build | Palisade Wall |
| 6:20 | Build | Palisade Wall |
| 6:20 | Build | Palisade Wall |
| 6:25 | Build | Palisade Wall |
| 6:40 | Research | Feudal Age |
| 6:40 | Research | Feudal Age |
| 6:58 | Build | Palisade Wall |
| 6:58 | Build | Palisade Wall |
| 6:59 | Build | Palisade Wall |
| 7:00 | Build | Palisade Wall |
| 7:29 | Build | Palisade Wall |
| 7:44 | Build | Mining Camp |
| 7:54 | Build | Barracks |
| 7:56 | Build | Palisade Wall |
| 8:24 | Queue | Villager (Male) |
| 8:45 | Queue | Villager (Male) |
| 8:49 | Age | Feudal Age |
| 9:07 | Build | Archery Range |
| 9:14 | Queue | Villager (Male) |
| 9:19 | Queue | Spearman |
| 9:23 | Queue | Villager (Male) |
| 9:35 | Research | Double-Bit Axe |
| 9:35 | Research | Double-Bit Axe |
| 9:52 | Queue | Villager (Male) |
| 9:58 | Queue | Archer |
| 10:08 | Queue | Villager (Male) |
| 10:20 | Build | House |
| 10:23 | Queue | Villager (Male) |
| 10:46 | Queue | Skirmisher |
| 10:46 | Queue | Skirmisher |
| 10:47 | Queue | Villager (Male) |
| 10:55 | Build | Lumber Camp |
| 11:01 | Queue | Villager (Male) |
| 11:15 | Queue | Skirmisher |
| 11:25 | Queue | Skirmisher |
| 11:27 | Queue | Villager (Male) |
| 11:43 | Queue | Villager (Male) |
| 11:46 | Build | House |
| 11:48 | Build | House |
| 11:49 | Build | Palisade Wall |
| 11:51 | Queue | Skirmisher |
| 12:01 | Queue | Skirmisher |
| 12:01 | Queue | Villager (Male) |
| 12:10 | Build | Farm |
| 12:12 | Build | Farm |
| 12:17 | Queue | Skirmisher |
| 12:24 | Queue | Skirmisher |
| 12:43 | Build | Blacksmith |
| 12:45 | Queue | Skirmisher |
| 12:47 | Queue | Villager (Male) |
| 12:53 | Queue | Villager (Male) |
| 12:57 | Build | House |
| 13:04 | Queue | Skirmisher |
| 13:16 | Queue | Skirmisher |
| 13:51 | Build | House |
| 13:54 | Queue | Villager (Male) |
| 13:58 | Build | Mining Camp |
| 14:02 | Queue | Villager (Male) |
| 14:03 | Queue | Skirmisher |
| 14:04 | Build | Farm |
| 14:05 | Build | Farm |
| 14:06 | Build | Farm |
| 14:16 | Queue | Villager (Male) |
| 14:19 | Build | Farm |
| 14:29 | Research | Padded Archer Armor |
| 14:29 | Research | Padded Archer Armor |
| 15:02 | Queue | Villager (Male) |
| 15:03 | Queue | Skirmisher |
| 15:05 | Build | Archery Range |
| 15:08 | Queue | Villager (Male) |
| 15:13 | Queue | Skirmisher |
| 15:16 | Build | House |
| 15:16 | Build | Palisade Wall |
| 15:20 | Build | House |
| 15:22 | Build | Palisade Wall |
| 15:38 | Queue | Skirmisher |
| 15:50 | Queue | Spearman |
| 16:10 | Queue | Villager (Male) |
| 16:20 | Queue | Skirmisher |
| 16:20 | Queue | Skirmisher |
| 16:24 | Build | Farm |
| 16:24 | Build | Farm |
| 16:25 | Build | Farm |
| 16:25 | Build | Farm |
| 16:25 | Build | Farm |
| 16:25 | Build | Farm |
| 16:34 | Queue | Villager (Male) |
| 16:47 | Build | House |
| 16:50 | Build | House |
| 16:57 | Queue | Archer |
| 16:57 | Queue | Archer |
| 16:57 | Queue | Archer |
| 17:09 | Queue | Villager (Male) |
| 17:10 | Queue | Villager (Male) |
| 17:20 | Queue | Archer |
| 17:20 | Queue | Archer |
| 17:27 | Queue | Villager (Male) |
| 17:56 | Research | Fletching |
| 17:57 | Research | Fletching |
| 18:00 | Queue | Villager (Male) |
| 18:12 | Queue | Skirmisher |
| 18:17 | Build | Farm |
| 18:19 | Build | Farm |
| 18:20 | Build | Farm |
| 18:21 | Build | Farm |
| 18:22 | Build | Farm |
| 18:25 | Build | House |
| 18:27 | Build | Palisade Wall |
| 18:30 | Queue | Skirmisher |
| 18:30 | Queue | Skirmisher |
| 18:33 | Queue | Villager (Male) |
| 18:33 | Queue | Villager (Male) |
Build order — Vikingo
First 150 of 174 actions detected
| 0:01 | Queue | Villager (Male) |
| 0:02 | Build | House |
| 0:02 | Build | House |
| 0:08 | Queue | Villager (Male) |
| 0:15 | Queue | Villager (Male) |
| 0:19 | Queue | Villager (Male) |
| 1:31 | Queue | Villager (Male) |
| 1:31 | Queue | Villager (Male) |
| 1:58 | Queue | Villager (Male) |
| 1:58 | Queue | Villager (Male) |
| 2:12 | Queue | Villager (Male) |
| 2:13 | Queue | Villager (Male) |
| 2:25 | Build | Lumber Camp |
| 2:44 | Queue | Villager (Male) |
| 2:58 | Queue | Villager (Male) |
| 2:58 | Queue | Villager (Male) |
| 3:22 | Queue | Villager (Male) |
| 3:23 | Queue | Villager (Male) |
| 3:45 | Build | House |
| 4:10 | Queue | Villager (Male) |
| 4:24 | Queue | Villager (Male) |
| 4:34 | Build | Barracks |
| 4:48 | Queue | Villager (Male) |
| 4:50 | Build | House |
| 5:01 | Queue | Villager (Male) |
| 5:28 | Queue | Militia |
| 5:28 | Queue | Militia |
| 5:28 | Queue | Militia |
| 5:50 | Queue | Villager (Male) |
| 5:56 | Queue | Militia |
| 6:13 | Build | Mill |
| 6:34 | Queue | Villager (Male) |
| 7:01 | Queue | Villager (Male) |
| 7:04 | Queue | Villager (Male) |
| 7:08 | Queue | Villager (Male) |
| 7:10 | Build | Mill |
| 7:31 | Queue | Villager (Male) |
| 7:47 | Research | Loom |
| 7:50 | Queue | Villager (Male) |
| 7:56 | Research | Loom |
| 7:57 | Build | House |
| 8:49 | Research | Feudal Age |
| 8:49 | Research | Feudal Age |
| 9:14 | Build | Mining Camp |
| 10:32 | Queue | Villager (Male) |
| 10:52 | Build | House |
| 10:59 | Queue | Villager (Male) |
| 10:59 | Age | Feudal Age |
| 11:03 | Build | Archery Range |
| 11:05 | Build | Archery Range |
| 11:08 | Build | Archery Range |
| 11:39 | Queue | Villager (Male) |
| 11:44 | Build | Blacksmith |
| 11:46 | Build | House |
| 11:48 | Queue | Villager (Male) |
| 12:00 | Research | Double-Bit Axe |
| 12:14 | Queue | Archer |
| 12:15 | Queue | Archer |
| 12:23 | Queue | Villager (Male) |
| 12:31 | Research | Fletching |
| 12:31 | Research | Fletching |
| 12:38 | Build | Farm |
| 12:40 | Queue | Villager (Male) |
| 12:41 | Queue | Archer |
| 12:42 | Queue | Archer |
| 12:54 | Build | House |
| 13:05 | Build | Farm |
| 13:24 | Queue | Villager (Male) |
| 13:26 | Build | Farm |
| 13:30 | Build | House |
| 13:49 | Queue | Archer |
| 13:49 | Queue | Archer |
| 13:51 | Queue | Villager (Male) |
| 13:53 | Build | Farm |
| 14:12 | Queue | Archer |
| 14:12 | Queue | Archer |
| 14:15 | Queue | Militia |
| 14:18 | Research | Man-at-Arms (upgrade) |
| 14:18 | Research | Man-at-Arms (upgrade) |
| 14:42 | Queue | Militia |
| 14:49 | Queue | Archer |
| 14:49 | Queue | Archer |
| 14:51 | Build | Farm |
| 14:54 | Build | Farm |
| 14:55 | Build | Farm |
| 14:56 | Queue | Villager (Male) |
| 15:10 | Queue | Militia |
| 15:13 | Queue | Archer |
| 15:14 | Queue | Archer |
| 15:18 | Queue | Villager (Male) |
| 15:19 | Queue | Villager (Male) |
| 15:30 | Build | Farm |
| 15:43 | Queue | Villager (Male) |
| 15:46 | Queue | Archer |
| 16:17 | Queue | Archer |
| 16:17 | Queue | Archer |
| 16:19 | Queue | Villager (Male) |
| 16:22 | Queue | Militia |
| 16:41 | Research | Scale Mail Armor |
| 16:41 | Research | Scale Mail Armor |
| 16:43 | Build | Farm |
| 16:44 | Build | Farm |
| 16:46 | Queue | Villager (Male) |
| 16:47 | Build | House |
| 16:49 | Build | Farm |
| 16:51 | Queue | Archer |
| 16:51 | Queue | Archer |
| 17:06 | Queue | Archer |
| 17:13 | Build | Watch Tower |
| 17:33 | Queue | Villager (Male) |
| 17:36 | Build | House |
| 17:37 | Queue | Villager (Male) |
| 17:39 | Build | Farm |
| 18:09 | Queue | Villager (Male) |
| 18:11 | Build | Farm |
| 18:18 | Build | House |
| 18:30 | Build | Palisade Wall |
| 18:31 | Build | Palisade Wall |
| 18:31 | Build | Palisade Wall |
| 18:31 | Build | Palisade Wall |
| 18:47 | Build | Palisade Wall |
| 18:47 | Build | Palisade Wall |
| 18:48 | Build | Palisade Wall |
| 18:49 | Build | Palisade Wall |
| 18:49 | Build | Palisade Wall |
| 18:57 | Queue | Militia |
| 19:05 | Queue | Militia |
| 19:08 | Queue | Skirmisher |
| 19:08 | Queue | Skirmisher |
| 19:09 | Queue | Skirmisher |
| 19:09 | Queue | Skirmisher |
| 19:44 | Queue | Skirmisher |
| 19:45 | Queue | Skirmisher |
| 20:47 | Queue | Villager (Male) |
| 20:52 | Queue | Skirmisher |
| 20:53 | Queue | Skirmisher |
| 20:56 | Queue | Militia |
| 20:57 | Queue | Villager (Male) |
| 21:01 | Build | Lumber Camp |
| 21:24 | Queue | Archer |
| 21:24 | Queue | Archer |
| 22:07 | Queue | Villager (Male) |
| 22:16 | Queue | Militia |
| 22:24 | Queue | Villager (Male) |
| 22:25 | Build | Farm |
| 22:27 | Build | Farm |
| 22:28 | Build | Farm |
| 22:29 | Queue | Villager (Male) |
| 22:30 | Build | Market |
| 22:46 | Build | House |
Match timeline
| 4:34 | Vikingo · first_building Barracks |
| 5:44 | MoP · wall_segment Palisade Wall x1 |
| 5:47 | MoP · wall_segment Palisade Wall x1 |
| 5:53 | MoP · wall_segment Palisade Wall x1 |
| 6:01 | MoP · wall_segment Palisade Wall x1 |
| 6:02 | MoP · wall_segment Palisade Wall x1 |
| 6:02 | MoP · wall_segment Palisade Wall x1 |
| 6:13 | MoP · wall_segment Palisade Wall x1 |
| 6:14 | MoP · wall_segment Palisade Wall x1 |
| 6:14 | MoP · wall_segment Palisade Wall x1 |
| 6:17 | MoP · wall_segment Palisade Wall x1 |
| 6:18 | MoP · wall_segment Palisade Wall x1 |
| 6:20 | MoP · wall_segment Palisade Wall x1 |
| 6:20 | MoP · wall_segment Palisade Wall x1 |
| 6:25 | MoP · wall_segment Palisade Wall x1 |
| 6:58 | MoP · wall_segment Palisade Wall x1 |
| 6:58 | MoP · wall_segment Palisade Wall x1 |
| 6:59 | MoP · wall_segment Palisade Wall x1 |
| 7:00 | MoP · wall_segment Palisade Wall x1 |
| 7:29 | MoP · wall_segment Palisade Wall x1 |
| 7:54 | MoP · first_building Barracks |
| 7:56 | MoP · wall_segment Palisade Wall x1 |
| 8:49 | MoP · age_up feudal |
| 9:07 | MoP · first_building Archery Range |
| 10:59 | Vikingo · age_up feudal |
| 11:03 | Vikingo · first_building Archery Range |
| 11:49 | MoP · wall_segment Palisade Wall x8 |
| 15:16 | MoP · wall_segment Palisade Wall x9 |
| 15:22 | MoP · wall_segment Palisade Wall x9 |
| 18:27 | MoP · wall_segment Palisade Wall x14 |
| 18:30 | Vikingo · wall_segment Palisade Wall x1 |
| 18:31 | Vikingo · wall_segment Palisade Wall x1 |
| 18:31 | Vikingo · wall_segment Palisade Wall x1 |
| 18:31 | Vikingo · wall_segment Palisade Wall x1 |
| 18:47 | Vikingo · wall_segment Palisade Wall x1 |
| 18:47 | Vikingo · wall_segment Palisade Wall x1 |
| 18:48 | Vikingo · wall_segment Palisade Wall x1 |
| 18:49 | Vikingo · wall_segment Palisade Wall x1 |
| 18:49 | Vikingo · wall_segment Palisade Wall x1 |
| 26:37 | Vikingo · first_building Stable |
| 27:08 | Vikingo · age_up castle |
| 27:15 | MoP · resign |
[ AI ANALYSIS · 1 CREDIT ]
What really happened in this match?
Wolo.gg analyzes every decision: build order, eco, micro, common mistakes by bracket. Personalized analysis on WhatsApp or Discord in 30 seconds.
Civ guide
Chinese
Perfil
Jugador #1070027